TOP OF THE 1ST |
Augusta Timber Hawks batting - Pitching for Corpus Christi Twins : RHP Germán Bonilla
|
Pitching: RHP Germán Bonilla
|
|
Batting: LHB Jorge Lucero
|
0-0: Called Strike 0-1: Ball 1-1: Foul Ball, location: 2F 1-2: Ball 2-2: Ball 3-2: Base on Balls
|
Batting: LHB Freddy Gonzáles
|
0-0: Called Strike 0-1: Ball 1-1: Ball 2-1: Foul Ball, location: 2F 2-2: SINGLE (Groundball, 6MD) Jorge Lucero to second Runner from 2nd tries for 3rd, SAFE, no throw or cutoff
|
Batting: LHB Juan Rodríguez
|
0-0: Ball 1-0: Ball 2-0: Ball 3-0: Base on Balls Freddy Gonzáles to second
|
Batting: LHB Kyle Bass
|
0-0: Ball 1-0: SINGLE (Groundball, 56) Jorge Lucero scores Freddy Gonzáles to third Juan Rodríguez to second Runner from 3rd tries for Home, SAFE, throw made home Juan Rodríguez to third Kyle Bass to second
|
Batting: RHB Dave Bush
|
0-0: Ball 1-0: Foul Ball, location: 2F 1-1: Ground out 6-3 (Groundball, 6M) Juan Rodríguez scores Kyle Bass to third
|
Batting: SHB Lawrence Franklin
|
0-0: Called Strike 0-1: Ball 1-1: Fly out, F9 (Popup, 9S)
|
Batting: RHB Mark Cunningham
|
0-0: Ball 1-0: Ball 2-0: Ball 3-0: Base on Balls
|
Batting: RHB Brit Fleming
|
0-0: Ball 1-0: Foul Ball, location: 2F 1-1: Swinging Strike 1-2: Strikes out swinging
|
Top of the 1st over - 3 run(s), 2 hit(s), 0 error(s), 2 left on base; Augusta 3 - Corpus Christi 0 |
BOTTOM OF THE 1ST |
Corpus Christi Twins batting - Pitching for Augusta Timber Hawks : RHP Karl Pratt
|
Pitching: RHP Karl Pratt
|
|
Batting: RHB John Howell
|
0-0: Called Strike 0-1: Ball 1-1: Foul Ball, location: 2F 1-2: Ball 2-2: Fly out, F7 (Flyball, 78S)
|
Batting: RHB Melvin Baldwin
|
0-0: Foul Ball, location: 2F 0-1: Ball 1-1: Called Strike 1-2: Ball 2-2: Fly out, F9 (Flyball, 89D)
|
Batting: RHB António Alvarado
|
0-0: Ball 1-0: Foul Ball, location: 2F 1-1: Ball 2-1: Foul Ball, location: 2F 2-2: Fly out, F4 (Popup, 4)
|
Bottom of the 1st over - 0 run(s), 0 hit(s), 0 error(s), 0 left on base; Augusta 3 - Corpus Christi 0 |
TOP OF THE 2ND |
Augusta Timber Hawks batting - Pitching for Corpus Christi Twins : RHP Germán Bonilla
|
Batting: SHB Tom Montgomery
|
0-0: Ball 1-0: SINGLE (Groundball, 4MD)
|
Batting: LHB Jorge Lucero
|
0-0: Ball 1-0: Called Strike 1-1: Foul Ball, location: 2F 1-2: Ball 2-2: Fly out, F8 (Flyball, 8LD)
|
Batting: LHB Freddy Gonzáles
|
0-0: Foul Ball, location: 2F 0-1: Ball 1-1: Ground out U3 (Groundball, 3S) Tom Montgomery to second
|
Batting: LHB Juan Rodríguez
|
0-0: Ball 1-0: Ball 2-0: SINGLE (Popup, 8LS) Tom Montgomery to third Runner from 3rd tries for Home, SAFE, no throw or cutoff
|
Batting: LHB Kyle Bass
|
0-0: Ball 1-0: DOUBLE (Line Drive, 78D) Juan Rodríguez to third
|
Batting: RHB Dave Bush
|
0-0: Ball 1-0: Ground out 5-3 (Groundball, 56S)
|
Top of the 2nd over - 1 run(s), 3 hit(s), 0 error(s), 2 left on base; Augusta 4 - Corpus Christi 0 |
BOTTOM OF THE 2ND |
Corpus Christi Twins batting - Pitching for Augusta Timber Hawks : RHP Karl Pratt
|
Batting: LHB Juan Durán
|
0-0: Called Strike 0-1: SOLO HOME RUN (Flyball, 9D), Distance : 365 ft
|
Batting: RHB Wilbur Harris
|
0-0: Called Strike 0-1: Ball 1-1: Called Strike 1-2: Ground out 5-3 (Groundball, 56)
|
Batting: LHB Shane Paisley
|
0-0: Swinging Strike 0-1: Called Strike 0-2: Foul Ball, location: 2F 0-2: SINGLE (Groundball, 15) (infield hit)
|
Batting: RHB Denis Taylor
|
0-0: Ball 1-0: Called Strike 1-1: Ball 2-1: Ball 3-1: Base on Balls Shane Paisley to second
|
Batting: RHB Chad Graham
|
0-0: Ball 1-0: Fly out, F7 (Flyball, 7M)
|
Batting: RHB Martín González
|
0-0: Called Strike 0-1: Ground out 1-3 (Groundball, 13)
|
Bottom of the 2nd over - 1 run(s), 2 hit(s), 0 error(s), 2 left on base; Augusta 4 - Corpus Christi 1 |
TOP OF THE 3RD |
Augusta Timber Hawks batting - Pitching for Corpus Christi Twins : RHP Germán Bonilla
|
Batting: SHB Lawrence Franklin
|
0-0: Ball 1-0: Fly out, F8 (Flyball, 8LD)
|
Batting: RHB Mark Cunningham
|
0-0: DOUBLE (Flyball, 8LD)
|
Batting: RHB Brit Fleming
|
0-0: Called Strike 0-1: Hit by Pitch
|
Batting: SHB Tom Montgomery
|
0-0: Ball 1-0: Called Strike 1-1: Foul Ball, location: 2F 1-2: Ball 2-2: SINGLE (Flyball, 8RS) Mark Cunningham to third Brit Fleming to second
|
Batting: LHB Jorge Lucero
|
0-0: Foul Ball, location: 2F 0-1: SINGLE (Flyball, 5D) Mark Cunningham scores Brit Fleming to third Tom Montgomery to second Runner from 3rd tries for Home, SAFE, throw made home Tom Montgomery to third Jorge Lucero to second
|
Pitching: RHP Dan Riggs
|
|
Batting: LHB Freddy Gonzáles
|
0-0: Ball 1-0: Foul Ball, location: 2F 1-1: Ball 2-1: Ball 3-1: Foul Ball, location: 2F 3-2: Strikes out swinging
|
Pitching: RHP Benjamin Booth
|
|
Batting: LHB Juan Rodríguez
|
0-0: Swinging Strike 0-1: Foul Ball, location: 2F 0-2: Strikes out looking
|
Top of the 3rd over - 2 run(s), 3 hit(s), 0 error(s), 2 left on base; Augusta 6 - Corpus Christi 1 |
BOTTOM OF THE 3RD |
Corpus Christi Twins batting - Pitching for Augusta Timber Hawks : RHP Karl Pratt
|
Batting: RHB John Howell
|
0-0: Called Strike 0-1: Ground out 6-3 (Groundball, 6)
|
Batting: RHB Melvin Baldwin
|
0-0: Called Strike 0-1: Ball 1-1: Ball 2-1: SINGLE (Line Drive, 56)
|
Batting: RHB António Alvarado
|
0-0: Ball 1-0: Called Strike 1-1: Swinging Strike 1-2: Strikes out swinging
|
Batting: LHB Juan Durán
|
0-0: Ball 1-0: TRIPLE (Line Drive, 3D) Melvin Baldwin scores
|
Batting: RHB Wilbur Harris
|
0-0: Called Strike 0-1: Ball 1-1: Swinging Strike 1-2: Foul Ball, location: 2F 1-2: Ball 2-2: SINGLE (Line Drive, 78S) Juan Durán scores
|
Batting: LHB Shane Paisley
|
0-0: Ball 1-0: SINGLE (Groundball, 15) (infield hit) Wilbur Harris to second
|
Batting: RHB Denis Taylor
|
0-0: Called Strike 0-1: Foul Ball, location: 2F 0-2: SINGLE (Flyball, 7S) Wilbur Harris to third Shane Paisley to second Runner from 3rd tries for Home, SAFE, no throw or cutoff
|
Batting: RHB Chad Graham
|
0-0: Called Strike 0-1: Ball 1-1: Ball 2-1: Ball 3-1: Swinging Strike 3-2: Foul Ball, location: 2F 3-2: Strikes out swinging
|
Bottom of the 3rd over - 3 run(s), 5 hit(s), 0 error(s), 2 left on base; Augusta 6 - Corpus Christi 4 |
TOP OF THE 4TH |
Augusta Timber Hawks batting - Pitching for Corpus Christi Twins : RHP Benjamin Booth
|
Batting: LHB Kyle Bass
|
0-0: Ball 1-0: Ball 2-0: Called Strike 2-1: Foul Ball, location: 2F 2-2: Ball 3-2: Strikes out swinging
|
Batting: RHB Dave Bush
|
0-0: Called Strike 0-1: Ball 1-1: Called Strike 1-2: Ball 2-2: Ball 3-2: Base on Balls
|
Batting: SHB Lawrence Franklin
|
0-0: 2-RUN HOME RUN (Flyball, 89XD), Distance : 417 ft
|
Batting: RHB Mark Cunningham
|
0-0: Ball 1-0: Ball 2-0: Ground out 1-3 (Groundball, 13S)
|
Batting: RHB Brit Fleming
|
0-0: Called Strike 0-1: Swinging Strike 0-2: Foul Ball, location: 2F 0-2: Foul Ball, location: 2F 0-2: Ball 1-2: Ball 2-2: Ground out 6-3 (Groundball, 6)
|
Top of the 4th over - 2 run(s), 1 hit(s), 0 error(s), 0 left on base; Augusta 8 - Corpus Christi 4 |
BOTTOM OF THE 4TH |
Corpus Christi Twins batting - Pitching for Augusta Timber Hawks : RHP Karl Pratt
|
Batting: RHB Martín González
|
0-0: Ball 1-0: Bunt for hit - play at first, batter safe!
|
Batting: RHB John Howell
|
0-0: Ground out 5-3 (Groundball, 5S) Martín González to second
|
Batting: RHB Melvin Baldwin
|
0-0: Called Strike 0-1: Ball 1-1: Ball 2-1: Foul Ball, location: 2F 2-2: Fly out, F9 (Flyball, 89M)
|
Batting: RHB António Alvarado
|
0-0: Called Strike 0-1: Ball 1-1: Swinging Strike 1-2: Strikes out swinging
|
Bottom of the 4th over - 0 run(s), 1 hit(s), 0 error(s), 1 left on base; Augusta 8 - Corpus Christi 4 |
TOP OF THE 5TH |
Augusta Timber Hawks batting - Pitching for Corpus Christi Twins : RHP Benjamin Booth
|
Batting: SHB Tom Montgomery
|
0-0: Ball 1-0: Foul Ball, location: 2F 1-1: Foul Ball, location: 2F 1-2: Ball 2-2: Ball 3-2: Foul Ball, location: 2F 3-2: Strikes out looking
|
Batting: LHB Jorge Lucero
|
0-0: Ball 1-0: Ball 2-0: Ball 3-0: Called Strike 3-1: Base on Balls
|
Batting: LHB Freddy Gonzáles
|
0-0: Ball 1-0: Swinging Strike 1-1: Swinging Strike 1-2: Foul Ball, location: 2F 1-2: Foul Ball, location: 2F 1-2: Ball 2-2: Grounds into double play, 4-6-3 (Groundball, 34)
|
Top of the 5th over - 0 run(s), 0 hit(s), 0 error(s), 0 left on base; Augusta 8 - Corpus Christi 4 |
BOTTOM OF THE 5TH |
Corpus Christi Twins batting - Pitching for Augusta Timber Hawks : RHP Karl Pratt
|
Batting: LHB Juan Durán
|
0-0: Ball 1-0: SINGLE (Groundball, 34D)
|
Batting: RHB Wilbur Harris
|
0-0: Swinging Strike 0-1: Swinging Strike 0-2: Ball 1-2: Ball 2-2: Ball Wild Pitch! Juan Durán to second 3-2: Foul Ball, location: 2F 3-2: Foul Ball, location: 2F 3-2: Base on Balls
|
Batting: LHB Shane Paisley
|
0-0: Swinging Strike 0-1: Ball 1-1: Ball 2-1: Foul Ball, location: 2F 2-2: Foul Ball, location: 2F 2-2: Fly out, F3 (Line Drive, 3S) 2-2: Lined into DP, U3 (Line Drive, 3S)
|
Batting: RHB Denis Taylor
|
0-0: Called Strike 0-1: Foul Ball, location: 2F 0-2: Strikes out swinging
|
Bottom of the 5th over - 0 run(s), 1 hit(s), 0 error(s), 1 left on base; Augusta 8 - Corpus Christi 4 |
TOP OF THE 6TH |
Augusta Timber Hawks batting - Pitching for Corpus Christi Twins : RHP Benjamin Booth
|
Batting: LHB Juan Rodríguez
|
0-0: Ball 1-0: Ball 2-0: Ball 3-0: Called Strike 3-1: SINGLE (Line Drive, 56D)
|
Batting: LHB Kyle Bass
|
0-0: Called Strike 0-1: Swinging Strike 0-2: Foul Ball, location: 2F 0-2: Ball 1-2: Foul Ball, location: 2F 1-2: Ball 2-2: SINGLE (Flyball, 8LS) Juan Rodríguez to second Runner from 2nd tries for 3rd, SAFE, no throw or cutoff
|
Pitching: LHP Vernon Anderson
|
|
Batting: RHB Dave Bush
|
0-0: Called Strike 0-1: Foul Ball, location: 2F 0-2: SINGLE (Line Drive, 8LS) Juan Rodríguez scores Kyle Bass to second
|
Batting: SHB Lawrence Franklin
|
0-0: Ball 1-0: Called Strike 1-1: Swinging Strike 1-2: Foul Ball, location: 2F 1-2: Strikes out swinging
|
Batting: RHB Mark Cunningham
|
0-0: Swinging Strike 0-1: Foul Ball, location: 2F 0-2: Strikes out swinging
|
Batting: RHB Brit Fleming
|
0-0: Fly out, F4 (Popup, 4)
|
Top of the 6th over - 1 run(s), 3 hit(s), 0 error(s), 2 left on base; Augusta 9 - Corpus Christi 4 |
BOTTOM OF THE 6TH |
Corpus Christi Twins batting - Pitching for Augusta Timber Hawks : RHP Karl Pratt
|
Batting: RHB Chad Graham
|
0-0: Ball 1-0: Ball 2-0: Ball 3-0: Called Strike 3-1: SOLO HOME RUN (Line Drive, 9D), Distance : 382 ft
|
Pitching: RHP Michel Neveu
|
|
Batting: RHB Martín González
|
0-0: Called Strike 0-1: Ball 1-1: Ground out 5-3 (Groundball, 5)
|
Batting: RHB John Howell
|
0-0: Ground out 1-3 (Groundball, 23)
|
Batting: RHB Melvin Baldwin
|
0-0: Called Strike 0-1: Fly out, F9 (Flyball, 89M)
|
Bottom of the 6th over - 1 run(s), 1 hit(s), 0 error(s), 0 left on base; Augusta 9 - Corpus Christi 5 |
TOP OF THE 7TH |
Augusta Timber Hawks batting - Pitching for Corpus Christi Twins : LHP Vernon Anderson
|
Batting: SHB Tom Montgomery
|
0-0: Called Strike 0-1: Ball 1-1: Ball 2-1: Ball 3-1: Base on Balls
|
Batting: LHB Jorge Lucero
|
0-0: Ball 1-0: Called Strike 1-1: Ball 2-1: Ball 3-1: Base on Balls Tom Montgomery to second
|
Batting: LHB Freddy Gonzáles
|
0-0: Foul Ball, location: 2F 0-1: Ball 1-1: Fly out, F8 (Line Drive, 8LM)
|
Batting: LHB Juan Rodríguez
|
0-0: DOUBLE (Line Drive, 9LM) Tom Montgomery scores Jorge Lucero to third
|
Batting: LHB Kyle Bass
|
0-0: Ball 1-0: Swinging Strike 1-1: Foul Ball, location: 2F 1-2: SINGLE (Flyball, 9S) Jorge Lucero scores Juan Rodríguez to third
|
Batting: RHB Dave Bush
|
0-0: Ball 1-0: Swinging Strike 1-1: Ball 2-1: Swinging Strike 2-2: Fly out, F7 (Flyball, 78M) Runner from 3rd tags up, SCORES, no throw
|
Pitching: RHP David Francisco
|
|
Batting: SHB Lawrence Franklin
|
0-0: Called Strike 0-1: Ball 1-1: Foul Ball, location: 2F 1-2: Ground out 1-3 (Groundball, 13)
|
Top of the 7th over - 3 run(s), 2 hit(s), 0 error(s), 1 left on base; Augusta 12 - Corpus Christi 5 |
BOTTOM OF THE 7TH |
Corpus Christi Twins batting - Pitching for Augusta Timber Hawks : RHP Michel Neveu
|
Now at C: Trey Clark
|
|
Batting: RHB António Alvarado
|
0-0: Fly out, F4 (Line Drive, 4)
|
Batting: LHB Juan Durán
|
0-0: Called Strike 0-1: Ground out 4-3 (Groundball, 13)
|
Batting: RHB Wilbur Harris
|
0-0: Called Strike 0-1: Fly out, F9 (Flyball, 89M)
|
Bottom of the 7th over - 0 run(s), 0 hit(s), 0 error(s), 0 left on base; Augusta 12 - Corpus Christi 5 |
TOP OF THE 8TH |
Augusta Timber Hawks batting - Pitching for Corpus Christi Twins : RHP David Francisco
|
Batting: RHB Mark Cunningham
|
0-0: Ball 1-0: Foul Ball, location: 2F 1-1: Ball 2-1: Ball 3-1: Called Strike 3-2: Foul Ball, location: 2F 3-2: Strikes out swinging
|
Batting: RHB Trey Clark
|
0-0: Called Strike 0-1: Called Strike 0-2: Foul Ball, location: 2F 0-2: SINGLE (Flyball, 89M)
|
Batting: SHB Tom Montgomery
|
0-0: DOUBLE (Flyball, 9D) Trey Clark to third Runner from 3rd tries for Home, SAFE, throw made home
|
Batting: LHB Jorge Lucero
|
0-0: Swinging Strike 0-1: Fly out, F6 (Popup, 6MD)
|
Batting: LHB Freddy Gonzáles
|
0-0: Foul Ball, location: 2F 0-1: SINGLE (Line Drive, 8RS) Tom Montgomery to third Runner from 3rd tries for Home, SAFE, no throw or cutoff
|
Batting: LHB Juan Rodríguez
|
0-0: Called Strike 0-1: Foul Ball, location: 2F 0-2: Ball 1-2: Strikes out swinging
|
Top of the 8th over - 2 run(s), 3 hit(s), 0 error(s), 1 left on base; Augusta 14 - Corpus Christi 5 |
BOTTOM OF THE 8TH |
Corpus Christi Twins batting - Pitching for Augusta Timber Hawks : RHP Michel Neveu
|
Pitching: RHP Joel Harris
|
|
Batting: LHB Shane Paisley
|
0-0: Swinging Strike 0-1: Ball 1-1: Foul Ball, location: 2F 1-2: Ball 2-2: Ball 3-2: Strikes out swinging
|
Batting: RHB Denis Taylor
|
0-0: Ball 1-0: Ball 2-0: Swinging Strike 2-1: Foul Ball, location: 2F 2-2: Foul Ball, location: 2F 2-2: Ball 3-2: Ground out 1-3 (Groundball, 13S)
|
Batting: RHB Chad Graham
|
0-0: Called Strike 0-1: Ball 1-1: Ball 2-1: Ball 3-1: Foul Ball, location: 2F 3-2: Strikes out swinging
|
Bottom of the 8th over - 0 run(s), 0 hit(s), 0 error(s), 0 left on base; Augusta 14 - Corpus Christi 5 |
TOP OF THE 9TH |
Augusta Timber Hawks batting - Pitching for Corpus Christi Twins : RHP David Francisco
|
Pitching: RHP Reynaldo Díaz
|
|
Batting: LHB Kyle Bass
|
0-0: Called Strike 0-1: Ball 1-1: Ball 2-1: Ball 3-1: Called Strike 3-2: Base on Balls
|
Batting: RHB Dave Bush
|
0-0: Ball 1-0: Ball 2-0: Ball 3-0: Base on Balls Kyle Bass to second
|
Batting: SHB Lawrence Franklin
|
0-0: Ball 1-0: Called Strike 1-1: Foul Ball, location: 2F 1-2: Fly out, F2 (Popup, 5SF)
|
Batting: RHB Mark Cunningham
|
0-0: Swinging Strike 0-1: Foul Ball, location: 2F 0-2: Strikes out looking
|
Batting: RHB Trey Clark
|
0-0: Foul Ball, location: 2F 0-1: Ball 1-1: Ball 2-1: Called Strike 2-2: Ball 3-2: Fly out, F4 (Popup, 6MD)
|
Top of the 9th over - 0 run(s), 0 hit(s), 0 error(s), 2 left on base; Augusta 14 - Corpus Christi 5 |
BOTTOM OF THE 9TH |
Corpus Christi Twins batting - Pitching for Augusta Timber Hawks : RHP Joel Harris
|
Batting: RHB Martín González
|
0-0: Ground out 5-3 (Groundball, 5)
|
Batting: RHB John Howell
|
0-0: Ball 1-0: Swinging Strike 1-1: Called Strike 1-2: Strikes out swinging
|
Batting: RHB Melvin Baldwin
|
0-0: Swinging Strike 0-1: Swinging Strike 0-2: Foul Ball, location: 2F 0-2: Ground out 5-3 (Groundball, 5S)
|
Bottom of the 9th over - 0 run(s), 0 hit(s), 0 error(s), 0 left on base; Augusta 14 - Corpus Christi 5 |
|